 Dungeon Crawl Stone Soup version 0.16-b1 (console) character file.

212 siepu the Cutter (level 5, 0/26 HPs)
             Began as a Vine Stalker Assassin on Mar 14, 2015.
             Succumbed to a worker ant's poison
             ... on level 4 of the Dungeon.
             The game lasted 00:04:53 (1571 turns).

siepu the Cutter (Vine Stalker Assassin)            Turns: 1571, Time: 00:04:53

Health: 0/26       AC:  3    Str: 13    XL:     5   Next: 89%
Magic:  0/7        EV: 11    Int: 11    God:
Gold:   206        SH:  0    Dex: 17    Spells: 0 memorised, 4 levels left

rFire  . . .     SeeInvis .     a - +2 dagger
rCold  + . .     Clarity  .     c - +0 robe
rNeg   . . .     SustAb   .     (no shield)
rPois  .         Gourm    .     (no helmet)
rElec  .         Spirit   +     d - +0 cloak {aux}
rCorr  .         Warding  .     (no gloves)
rMut   .         Stasis   .     (no boots)
MR     .....                    (no amulet)
Stlth  ++........               l - ring of loudness (curse)
                                k - ring of protection from cold

@: lethally poisoned (0 -> -20), not resistant to hostile enchantments,
unstealthy
A: fangs 2, regeneration 1, magic shield, antimagic bite, no device heal 3, rot
immunity
a: no special abilities


You were on level 4 of the Dungeon.
You were not hungry.

You visited 1 branch of the dungeon, and saw 4 of its levels.

You collected 206 gold pieces.


Innate Abilities, Weirdness & Mutations

You have extremely sharp teeth.
Your natural rate of healing is unusually fast.
When hurt, damage is shared between your health and your magic reserves.
Your bite disrupts and absorbs the magic of your enemies.
Potions and wands cannot restore your health.
You are immune to rotting.


   Skills:
 - Level 1.7 Fighting
 + Level 5.3 Short Blades
 - Level 1.7 Throwing
 - Level 0.7 Dodging
 - Level 5.0 Stealth


You had 4 spell levels left.
You didn't know any spells.

Inventory:

Hand weapons
 a - a +2 dagger (weapon)
 b - a +0 blowgun
 m - a +1 dagger of pain
   (You took it off a goblin on level 1 of the Dungeon)
 C - a +0 falchion of holy wrath
   (You took it off Robin on level 3 of the Dungeon)
Missiles
 e - 38 poisoned needles
 f - 2 curare-tipped needles {=g=f!f}
 h - 97 stones (quivered)
Armour
 c - a +0 robe (worn)
 d - a +0 cloak (worn) {aux}
 j - a +0 helmet {aux}
 s - a +0 hat {aux}
Jewellery
 k - a ring of protection from cold (left hand)
   (You found it on level 1 of the Dungeon)
 l - a cursed ring of loudness (right hand)
   (You found it on level 1 of the Dungeon)
 u - an uncursed ring of flight
   (You found it on level 2 of the Dungeon)
Scrolls
 i - a scroll of recharging {!r, unknown}
 n - 3 scrolls of identify {!r, unknown}
 p - a scroll of random uselessness {!r, unknown}
 A - a scroll of teleportation {!r, unknown}
 D - a scroll of immolation {!r, unknown}
Potions
 r - a potion of haste {!q, unknown}
 t - a potion of lignification {!q, unknown}
 x - a potion of magic {!q, unknown}
 z - a potion of agility {!q}
Books
 y - a Young Poisoner's Handbook

   Spells                             Type                      Level
   a - Sting                          Conjuration/Poison           1
   b - Cure Poison                    Poison                       2
   c - Mephitic Cloud                 Conjuration/Poison/Air       3
   d - Olgreb's Toxic Radiance        Poison                       4
   e - Venom Bolt                     Conjuration/Poison           5
Comestibles
 g - 3 bread rations {!e}
 o - 2 beef jerkies {!e}
 v - a meat ration {!e}
 w - a slice of pizza {!e}
 B - 3 chunks of flesh {!e}


Message History

C - a +0 falchion of holy wrath (weapon)
Your +0 falchion of holy wrath stops glowing.
a - a +2 dagger (weapon)
Magic restored.
D - a scroll labeled GHOONL BOMP {!r}
Found a dagger.
An orc and an orc priest come into view.
Found a twisted bone amulet.
Found an escape hatch in the floor.
You enter a teleport trap!
The teleport trap disappears.
Your surroundings suddenly seem different.
Found a hand axe.
Found a stone staircase leading down.
No target in view!
HP restored.
You now have 206 gold pieces (gained 19).
The orc shouts!
The orc is too close now for your liking.
An orc comes into view. It is wielding a flail.
The orc priest shouts!
The orc priest mumbles some strange prayers to Beogh against you.
Pain shoots through your body!
You are too injured to fight recklessly!
The orc shouts!
The orc priest invokes the aid of Beogh against you.
Something smites you!
Ouch! That really hurt!
* * * LOW HITPOINT WARNING * * *
The orc priest becomes somewhat translucent.
The orc barely misses you.
There is a stone staircase leading down here.
You climb downwards.
A rat, a worker ant and a hobgoblin come into view.
Found a scroll labeled PUCHIWNIDEU and a papyrus book.
Found a stone staircase leading down.
There is a stone staircase leading up here.
You hit the orc. You bite the orc. You drain its power.
You feel invigorated.
The orc is severely wounded.
The worker ant twitches its antennae in your direction.
The orc barely misses you.
You hit the orc.
You kill the orc!
The hobgoblin hits you with a club.
You see here a club.
You hit the hobgoblin.
The hobgoblin is heavily wounded.
The hobgoblin barely misses you.
You hit the hobgoblin.
You kill the hobgoblin!
You barely miss the rat. You bite the rat. You drain its power.
You kill the rat!
You hit the worker ant but do no damage.
The worker ant bites you.
You are poisoned.
The worker ant poisons you!
You hit the worker ant but do no damage.
You bite the worker ant. You drain its power.
The worker ant is lightly wounded.
You feel sick. The worker ant barely misses you.
You hit the worker ant but do no damage.
The worker ant is lightly wounded.
The worker ant closely misses you.
You hit the worker ant but do no damage.
You bite the worker ant. You drain its power.
The worker ant is moderately wounded.
You feel sick. The worker ant completely misses you.
You completely miss the worker ant. You bite the worker ant.
You drain its power.
The worker ant is severely wounded.
You hit the worker ant but do no damage.
The worker ant is severely wounded.
You feel sick.
The worker ant bites you but does no damage.
You hit the worker ant.
The worker ant is severely wounded.
The worker ant bites you.
* * * LOW HITPOINT WARNING * * *
You are lethally poisoned!
The worker ant poisons you!
You closely miss the worker ant. You bite the worker ant. You drain its power.
You feel invigorated.
The worker ant is almost dead.
* * * LOW HITPOINT WARNING * * *
You feel sick. The worker ant barely misses you.
You hit the worker ant but do no damage.
The worker ant is almost dead.
* * * LOW HITPOINT WARNING * * *
You feel sick. The worker ant bites you.
* * * LOW HITPOINT WARNING * * *
You are more poisoned.
The worker ant poisons you!
You barely miss the worker ant.
The worker ant is almost dead.
* * * LOW HITPOINT WARNING * * *
You feel sick. The worker ant bites you.
* * * LOW HITPOINT WARNING * * *
You are more poisoned.
The worker ant poisons you!
Drink which item? (? for menu, Esc to quit)
Really quaff
q - a yellow potion {!q}?
It was a potion of heal wounds {!q}.
That seemed strangely inert.
You die...

........
........#
.........##
.>.........####
...............
...............
..............?..
........<.....##.
.......†@........
........a........
...............
...............
...............
..........:..
...........
......... ...


You could see a worker ant.

Vanquished Creatures
  Sigmund (D:2)
  Jessica (D:2)
  Robin (D:3)
  4 adders
  A gnoll (D:1)
  A giant mite (D:3)
  A giant gecko (D:1)
  An orc (D:4)
  4 bats
  A giant cockroach (D:2)
  12 goblins
  9 hobgoblins
  A ball python (D:2)
  2 giant newts
  4 jackals (D:1)
  7 kobolds
  3 rats
54 creatures vanquished.

Notes
Turn   | Place    | Note
--------------------------------------------------------------
     0 | D:1      | siepu, the Vine Stalker Assassin, began the quest for the Orb.
     0 | D:1      | Reached XP level 1. HP: 11/11 MP: 1/1
    91 | D:1      | Reached skill level 5 in Stealth
   169 | D:1      | Reached XP level 2. HP: 9/15 MP: 0/3
   308 | D:1      | Reached XP level 3. HP: 15/18 MP: 4/4
   314 | D:1      | Reached skill level 3 in Short Blades
   725 | D:2      | Reached XP level 4. HP: 19/23 MP: 5/5
   835 | D:2      | Noticed Sigmund
   837 | D:2      | Killed Sigmund
   837 | D:2      | Reached XP level 5. HP: 26/26 MP: 7/7
  1046 | D:2      | Noticed Jessica
  1052 | D:2      | Killed Jessica
  1386 | D:3      | Noticed Robin
  1458 | D:3      | Killed Robin
  1529 | D:3      | HP: 4/26 [orc priest/divine providence (13)]
  1569 | D:4      | HP: 5/26 [poisoned by a worker ant]
  1570 | D:4      | HP: 2/26 [poisoned by a worker ant]
  1571 | D:4      | Succumbed to a worker ant's poison

Vault maps used:
D:1:      minmay_arrival_plants_in_alcoves, st_stairs_12
D:2:      first_bread, uniq_sigmund, uniq_jessica
D:3:      uniq_robin
D:4:      uniq_iyjb

Action                   |  1- 3 |  4- 6 || total
-------------------------+-------+-------++-------
Melee: Dagger            |    80 |    89 ||   169
  Use: Potion            |       |     1 ||     1
 Stab: Sleeping          |     4 |     3 ||     7
  Eat: Chunk             |       |     2 ||     2
